Map: Frozen Temple

Players

FLORENCIO - Winner!

  • Race: Protoss Protoss
  • League: Master

FrostGt

  • Race: Terran Terran
  • League: Master

VOD

Have the link to the VOD?

Description

Time

  • Played on: Nov. 20, 2016, 9:09 p.m.
  • Length: 15:36
Show
View Real Time Build Order
Export as new Build Order

FLORENCIO Protoss - Winner!

Build Orders: Carrier Rush 

Get SALT Encoding   

  12  0:01  Probe (Chrono Boost)  
  13  0:12  Probe (Chrono Boost)  
  14  0:22  Probe (Chrono Boost)  
  14  0:23  Pylon  
  15  0:41  Probe (Chrono Boost)  
  15  0:42  Gateway  
  16  0:47  Pylon  
  16  0:56  Assimilator  
  17  0:57  Probe (Chrono Boost)  
  17  1:09  Gateway  
  17  1:18  Gateway  
  17  1:31  Probe (Chrono Boost)  
  18  1:34  Cybernetics Core  
  18  1:38  Assimilator  
  18  1:41  Probe (Chrono Boost)  
  19  1:49  Pylon  
  19  1:52  Probe (Chrono Boost)  
  20  2:02  Probe (Chrono Boost)  
  21  2:11  Nexus  
  21  2:20  Mothership Core (Chrono Boost)  
  23  2:38  Probe (Chrono Boost)  
  23  2:40  Pylon  
  24  2:46  Stargate  
  24  2:52  Probe (Chrono Boost)  
  25  3:01  Assimilator  
  25  3:03  Probe (Chrono Boost)  
  26  3:13  Forge, Probe (Chrono Boost)  
  26  3:18  Adept  
  29  3:24  Probe (Chrono Boost)  
  30  3:37  Fleet Beacon  
  30  3:42  Assimilator  
  30  3:44  Probe (Chrono Boost)  
  31  3:55  Photon Cannon  
  31  3:58  Probe (Chrono Boost)  
  31  4:00  Probe (Chrono Boost)  
  33  4:10  Stargate  
  33  4:26  Carrier  
  37  4:44  Pylon  
  37  4:48  Graviton Catapult  
  37  4:53  Photon Cannon  
  37  5:00  Carrier  
  37  5:10  Probe (Chrono Boost)  
  37  5:13  Probe (Chrono Boost)  
  45  5:21  Probe (Chrono Boost)  
  46  5:23  Probe (Chrono Boost)  
  47  5:31  Photon Cannon  
  47  5:32  Probe (Chrono Boost)  
  47  5:34  Probe (Chrono Boost)  
  49  5:43  Carrier  
  49  5:46  Probe (Chrono Boost)  
  56  6:03  Photon Cannon  
  57  6:05  Probe (Chrono Boost)  
  57  6:08  Probe (Chrono Boost)  
  58  6:17  Probe (Chrono Boost)  
  60  6:20  Probe (Chrono Boost)  
  60  6:29  Probe (Chrono Boost)  
  61  6:51  Pylon  
  61  6:55  Pylon  
  61  7:01  Carrier  
  61  7:02  Carrier  
  61  7:08  Pylon  
  74  7:23  Probe (Chrono Boost)  
  74  7:24  Pylon  
  74  7:26  Pylon  
  74  7:28  Pylon  
  80  7:34  Photon Cannon  
  80  7:36  Pylon  
  80  7:38  Protoss Air Weapons Level 1  
  80  7:39  Probe x2 (Chrono Boost)  
  82  7:46  Pylon  
  82  7:50  Photon Cannon  
  84  7:51  Probe x2 (Chrono Boost)  
  84  8:08  Pylon  
  84  8:12  Nexus  
  84  8:16  Carrier  
  84  8:23  Pylon  
  90  8:47  Carrier  
  96  8:55  Pylon  
  95  9:13  Robotics Facility  
  95  9:15  Pylon  
  95  9:48  Carrier  
  77  10:12  Carrier  
  83  10:17  Stargate  
  83  10:18  Stargate  
  83  10:21  Stargate  
  83  10:35  Assimilator  
  83  10:37  Assimilator  
  84  10:43  Observer  
  84  10:52  Robotics Bay  
  84  10:57  Robotics Facility  
  84  11:02  Carrier  
  90  11:38  Carrier  
  96  11:40  Carrier  
  96  11:41  Carrier x2  
  114  12:02  Probe (Chrono Boost)  
  115  12:12  Nexus  
  115  12:13  Pylon  
  115  12:16  Colossus, Pylon  
  115  12:17  Colossus  
  115  12:19  Assimilator  
  115  12:22  Assimilator  
  127  12:50  Photon Cannon  
  126  12:51  Photon Cannon  
  126  12:54  Photon Cannon  
  126  12:56  Photon Cannon  
  126  13:10  Observer  
  126  13:12  Observer  
  128  13:49  Probe (Chrono Boost)  
  128  13:51  Probe (Chrono Boost)  
  148  13:56  Void Ray x2  
  148  13:57  Void Ray x2  
  148  14:00  Probe (Chrono Boost)  
  148  14:01  Probe (Chrono Boost)  
  148  14:10  Probe (Chrono Boost)  
  148  14:12  Probe (Chrono Boost)  
  141  14:40  Void Ray  
  141  14:45  Void Ray x2  
  141  14:46  Void Ray x2  
Show
View Real Time Build Order
Export as new Build Order

FrostGt Terran 

Build Orders: Mech 

Get SALT Encoding   

  12  0:00  SCV  
  13  0:13  SCV  
  14  0:17  Supply Depot  
  14  0:25  SCV  
  15  0:31  Refinery  
  15  0:39  SCV  
  16  0:46  Barracks  
  16  0:55  SCV  
  17  1:13  SCV  
  19  1:25  SCV  
  19  1:34  Marine  
  20  1:46  Supply Depot  
  20  1:53  Factory  
  20  1:54  Orbital Command  
  20  1:56  Marine  
  21  2:17  Barracks Reactor  
  21  2:24  SCV  
  22  2:38  Factory Tech Lab  
  22  2:41  Command Center  
  22  2:44  SCV  
  23  2:56  SCV, Marine x2  
  26  3:00  Cyclone  
  29  3:06  Refinery  
  29  3:08  SCV  
  30  3:13  Marine  
  31  3:22  Supply Depot  
  31  3:27  Marine  
  31  3:28  SCV  
  31  3:31  Marine  
  33  3:35  Siege Tank  
  36  3:45  Marine  
  37  3:49  Marine  
  37  3:50  Engineering Bay  
  38  3:59  Starport  
  38  4:03  SCV, Marine  
  40  4:16  Widow Mine  
  40  4:18  SCV  
  43  4:30  SCV, Missile Turret  
  45  4:33  Orbital Command  
  44  4:43  SCV, Bunker  
  45  4:51  Missile Turret  
  45  4:55  SCV  
  49  5:03  SCV  
  50  5:12  SCV  
  51  5:17  SCV  
  52  5:24  SCV, Refinery  
  52  5:25  Refinery  
  52  5:27  Armory  
  53  5:30  SCV  
  53  5:33  Supply Depot  
  53  5:34  Marine  
  55  5:36  SCV  
  55  5:38  Viking  
  56  5:42  SCV  
  56  5:50  SCV  
  57  5:59  SCV  
  58  6:04  Factory  
  58  6:10  Command Center, SCV  
  59  6:11  Factory  
  59  6:19  SCV  
  59  6:22  SCV  
  59  6:23  Viking  
  52  6:42  Thor  
  52  6:44  SCV  
  62  6:47  SCV  
  60  6:56  SCV, Viking  
  60  6:57  Starport  
  60  7:00  Factory Tech Lab  
  63  7:06  SCV  
  63  7:08  Widow Mine x2, Terran Vehicle And Ship Armor Level 1  
  64  7:10  Drilling Claws  
  64  7:12  SCV  
  69  7:17  Factory Reactor  
  69  7:18  SCV  
  70  7:24  SCV  
  70  7:26  Viking  
  73  7:30  SCV  
  73  7:36  SCV  
  75  7:38  Supply Depot  
  75  7:42  SCV  
  76  7:46  Orbital Command  
  76  7:49  Thor  
  76  7:51  SCV  
  83  7:53  Widow Mine  
  85  7:59  Widow Mine x2  
  85  8:01  SCV  
  85  8:02  Supply Depot  
  85  8:04  SCV  
  91  8:06  Supply Depot  
  91  8:09  Widow Mine  
  93  8:23  Widow Mine  
  93  8:24  SCV x3, Viking  
  100  8:27  Refinery  
  100  8:28  Viking  
  100  8:29  Refinery  
  100  8:31  Supply Depot  
  102  8:36  SCV x3  
  102  8:40  Widow Mine x2  
  109  8:47  Widow Mine, Thor  
  117  8:48  Armory  
  117  8:52  SCV x2  
  117  8:54  SCV, Viking  
  122  8:58  Viking  
  124  9:04  SCV  
  125  9:12  Factory  
  125  9:13  Terran Vehicle Weapons Level 1  
  125  9:14  Factory  
  125  9:20  Command Center  
  125  9:25  Supply Depot  
  125  9:27  Supply Depot  
  125  9:29  SCV x2  
  125  9:30  SCV  
  118  9:39  Widow Mine  
  118  9:40  Widow Mine  
  118  9:43  SCV x2  
  112  9:47  Thor  
  112  9:48  Viking  
  103  9:56  Viking  
  95  10:00  SCV  
  95  10:01  Widow Mine x2  
  100  10:07  Widow Mine  
  100  10:10  Factory Tech Lab x2  
  102  10:20  Terran Ship Weapons Level 1  
  102  10:21  Viking  
  104  10:22  SCV  
  104  10:26  Viking  
  108  10:28  SCV  
  108  10:30  Thor  
  108  10:32  Missile Turret  
  114  10:36  SCV  
  114  10:37  Missile Turret  
  114  10:40  Hi-Sec Auto Tracking  
  114  10:41  Missile Turret  
  114  10:42  SCV  
  116  10:43  SCV  
  116  10:48  SCV  
  118  10:54  Thor  
  118  10:56  SCV  
  125  11:02  Viking  
  123  11:24  Thor, Viking  
  121  11:32  Viking  
  121  11:34  SCV x2  
  113  11:42  SCV  
  113  11:46  SCV  
  109  11:54  Viking  
  106  11:57  SCV x2  
  106  11:59  SCV  
  109  12:02  Viking  
  111  12:09  SCV x2  
  111  12:11  SCV  
  114  12:21  SCV x2  
  116  12:23  SCV  
  116  12:24  Viking  
  119  12:32  Viking  
  119  12:33  SCV, Refinery  
  119  12:34  Refinery  
  119  12:35  Command Center  
  122  12:38  Widow Mine  
  122  12:39  SCV  
  122  12:51  SCV  
  122  12:53  Viking  
  124  13:02  Viking  
  98  13:32  Viking x2  
  98  13:33  Thor x2  
  96  13:39  SCV  
  96  13:40  SCV  
  92  13:43  SCV  
  93  13:52  SCV  
  93  13:53  Refinery  
  93  13:54  Widow Mine x4  
  102  13:56  SCV  
  102  14:02  Viking x2  
  102  14:04  Widow Mine  
  103  14:15  Widow Mine  
  91  14:19  SCV x2  
  91  14:22  Widow Mine  
  77  14:38  Widow Mine  
  62  14:49  Widow Mine  
Tags
 
Composition
Mech
Matchup
PvT
Strategy
Carrier Rush
Add a new tag
Caveats
  • Supply blocks, unpowered buildings, or Contaminate may cause inaccurate times.
  • Supply counts are checked every 10 seconds.